 Dungeon Crawl Stone Soup version 0.29-a0-284-gf9362112df (webtiles) character file.

Game seed: 7321976885556033263

5 juncz the Chiller (level 1, 0/14 HPs)
             Began as a Draconian Ice Elementalist on Mar 18, 2022.
             Slain by a quokka (3 damage)
             ... on level 1 of the Dungeon.
             The game lasted 00:01:05 (223 turns).

juncz the Chiller (Draconian Ice Elementalist)       Turns: 223, Time: 00:01:05

Health: 0/14       AC:  5    Str: 10    XL:     1   Next: 66%
Magic:  0/3        EV: 12    Int: 15    God:
Gold:   12         SH:  0    Dex: 11    Spells: 3/4 levels left

rFire   . . .      SeeInvis .   h - +0 dagger
rCold   . . .      Faith    .   (no shield)
rNeg    . . .      Spirit   .   (body armour unavailable)
rPois   .          Reflect  .   (helmet restricted)
rElec   .          Harm     .   d - +0 cloak
rCorr   .          Rampage  .   (no gloves)
Will    .....                   (no boots)
Stlth   ++........              (no amulet)
HPRegen 0.04/turn               (no ring)
MPRegen 0.08/turn               (no ring)

@: no status effects
A: AC +4, unfitting armour, cold-blooded
a: no special abilities


You were on level 1 of the Dungeon.
You visited 1 branch of the dungeon, and saw 1 of its levels.

You collected 12 gold pieces.

Inventory:

Hand Weapons
 h - a +0 dagger (weapon)
Armour
 d - a +0 cloak (worn)
Jewellery
 g - a ring of poison resistance
Scrolls
 e - a scroll of amnesia {unknown}
Potions
 a - a potion of magic
 b - a potion of flight {unknown}
 c - a potion of ambrosia {unknown}
 f - a potion of heal wounds {unknown}


   Skills:
 - Level 1.8 Dodging
 - Level 1.9 Stealth
 + Level 2.1 Spellcasting
 + Level 4.1 Ice Magic


You had 3 spell levels left.
You knew the following spells:

 Your Spells              Type           Power      Damage    Failure   Level
a - Freeze                Ice            52%        1d7       4%          1

Your spell library contained the following spells:

 Spells                   Type           Power      Damage    Failure   Level
 Frozen Ramparts          Ice            26%        1d4       12%         3
 Ozocubu's Armour         Ice            13%        N/A       12%         3
 Hailstorm                Conj/Ice       7%         3d4       67%         4


Dungeon Overview and Level Annotations

Branches:
Dungeon (1/15)

Altars:


Innate Abilities, Weirdness & Mutations

Your plain brown scales are hard. (AC +4)
You cannot fit into any form of body armour.
You are cold-blooded and may be slowed by cold attacks.


Message History

You freeze the kobold.
You kill the kobold!
The ball python hisses angrily.
Things that are here:
a +0 short sword; a stone A goblin comes into view.
It is wielding a +0 club.
Okay, then.
Things that are here:
a +0 short sword; a stone
Casting: Freeze (safe; 4% risk of failure)
Confirm with . or Enter, or press ? or * to list all spells.
Aiming: Freeze (safe; 4% risk of failure)
Press: ? - help, Shift-Dir - straight line, f - ball python
Aim: a ball python You freeze the ball python.
You kill the ball python!
The goblin shouts!
You hit the quokka but do no damage. The quokka bites you. x2
Your magical contamination has completely faded away.
You hit the quokka but do no damage. You tail-slap the quokka.
The quokka is heavily wounded.
The quokka bites you but does no damage.
You barely miss the quokka.
The quokka is heavily wounded.
The quokka bites you but does no damage.
You closely miss the quokka.
The quokka is heavily wounded.
The quokka bites you.
* * * LOW HITPOINT WARNING * * *
You closely miss the quokka.
The quokka is heavily wounded.
The quokka barely misses you.
You hit the quokka but do no damage.
The quokka is heavily wounded.
The quokka bites you but does no damage.
The quokka closely misses you.
You closely miss the quokka.
The quokka is heavily wounded.
The quokka bites you.
You die...

#. ... #.#####.. #........
#.......# #.#...g...#
...........# #..........#
?...####r######
#.....@........
.#.>...†####.##..###
....................#
....#.?.#.#...#.....#
.....#.#...#.#......# #.
..#...#.....#...#...#
#.....#..#.....#..#....#
.#..#...###.....###...#.##
.....#).#..#...#..#..#...#


You could see a quokka.

Vanquished Creatures
  An endoplasm (D:1)
  A giant cockroach (D:1)
  A goblin (D:1)
  A ball python (D:1)
  A kobold (D:1)
5 creatures vanquished.

Notes
Turn   | Place    | Note
-------+----------+-------------------------------------------
     0 | D:1      | juncz the Draconian Ice Elementalist began the quest for
                  | the Orb.
     0 | D:1      | Reached XP level 1. HP: 14/14 MP: 3/3
   223 | D:1      | Slain by a quokka

Illustrated notes

Levels and vault maps discovered:
D:1:      eino_arrival_cavern_b, layout_basic, minmay_splitting_lines

Action                   || total
-------------------------++-------
Melee: Dagger            ||     7
       Unarmed           ||     1
       Tailslap          ||     1
 Cast: Freeze            ||     6
Armor: Skin              ||     4
Dodge: Dodged            ||     4

Table legend: (Time is in decaauts)
 A = Elapsed time spent in this place.
 B = Non-inter-level travel time spent in this place.
 C = Inter-level travel time spent in this place.
 D = Time resting spent in this place.
 E = Time spent auto-exploring this place.
 F = Levels seen in this place.
 G = Mean time per level.
                   A        B        C        D        E       F      G
               +--------+--------+--------+--------+--------+-----+--------+
         Total |    225 |    225 |      0 |      0 |    164 |   1 |  225.0 |
       Dungeon |    225 |    225 |      0 |      0 |    164 |   1 |  225.0 |
               +--------+--------+--------+--------+--------+-----+--------+

Top non-repeatable levels by time:
     D:1: 225 daAuts
